 Dungeon Crawl Stone Soup version 0.23.2 (webtiles) character file.

Game seed: 9678837660548477743

4996 Illumine the Cleaver (level 10, -3/87 HPs)
             Began as a Deep Dwarf Fighter on Oct 9, 2019.
             Was a Follower of Makhleb.
             Slain by a death yak (13 damage)
             ... on level 2 of the Lair of Beasts.
             The game lasted 00:06:57 (4887 turns).

Illumine the Cleaver (Deep Dwarf Fighter)           Turns: 4887, Time: 00:06:57

Health: -3/87      AC: 11    Str: 23    XL:     10   Next: 29%
Magic:  8/8        EV:  8    Int: 12    God:    Makhleb [*.....]
Gold:   198        SH: 11    Dex: 12    Spells: 9/9 levels left

rFire    . . .     SeeInvis .   B - +1 war axe (venom)
rCold    . . .     Gourm    .   c - +0 shield
rNeg     . . .     Faith    .   i - +0 chain mail
rPois    +         Spirit   .   (no helmet)
rElec    .         Reflect  .   C - +0 cloak
rCorr    .         Harm     .   (no gloves)
MR       +....                  (no boots)
Stlth    ..........             (no amulet)
HPRegen  0.00/turn              e - ring of poison resistance
MPRegen  0.11/turn              A - +3 ring of intelligence

@: non-regenerating
A: damage resistance, heal wounds, sense surroundings 2, no regeneration
a: Heal Wounds, Renounce Religion


You were on level 2 of the Lair of Beasts.
You worshipped Makhleb.
Makhleb was aware of your devotion.
You were not hungry.

You visited 3 branches of the dungeon, and saw 12 of its levels.

You collected 198 gold pieces.

Inventory:

Hand Weapons
 B - a +1 war axe of venom (weapon)
Armour
 c - a +0 shield (worn)
 i - a +0 chain mail (worn)
 C - a +0 cloak (worn)
Jewellery
 e - a ring of poison resistance (left hand)
 A - a +3 ring of intelligence (right hand)
Wands
 o - a wand of random effects (36)
 u - a wand of flame (4)
Scrolls
 a - a scroll of blinking {unknown}
 d - a scroll of enchant armour {unknown}
 g - 5 scrolls of identify {unknown}
 h - 4 scrolls of teleportation {unknown}
 m - 2 scrolls of remove curse {unknown}
 q - a scroll of random uselessness {unknown}
 t - 2 scrolls of fear {unknown}
 v - 6 scrolls of magic mapping {unknown}
 w - 2 scrolls of enchant weapon {unknown}
 y - 2 scrolls of noise {unknown}
 z - 3 scrolls of amnesia {unknown}
Potions
 j - 2 potions of lignification {unknown}
 k - 2 potions of mutation {unknown}
 l - 2 potions of haste {unknown}
 n - a potion of flight {unknown}
 p - a potion of brilliance {unknown}
 r - 4 potions of curing
 s - a potion of heal wounds {unknown}
 x - a potion of cancellation {unknown}
 D - a potion of resistance {unknown}
Comestibles
 f - 10 rations


   Skills:
 + Level 4.6 Fighting
 + Level 10.6 Axes
 + Level 5.7 Armour
 + Level 4.1 Dodging
 + Level 8.7 Shields
 * Level 7.4 Invocations


You had 9 spell levels left.
You didn't know any spells.
Your spell library contained the following spells:

 Spells                   Type           Power        Failure   Level  Hunger
 Confusing Touch          Hex            #.....       99%         1    ##.....
 Magic Dart               Conj           #...         99%         1    ##.....
 Shock                    Conj/Air       #...         99%         1    ##.....
 Blink                    Tloc           N/A          100%        2    ###....
 Call Imp                 Summ           #.......     100%        2    ###....
 Slow                     Hex            #.......     100%        2    ###....
 Swiftness                Chrm/Air       #.......     100%        2    ###....
 Confuse                  Hex            #.......     100%        3    ####...
 Conjure Flame            Conj/Fire      #.......     100%        3    ####...
 Gell's Gravitas          Tloc           #.........   100%        3    ####...
 Mephitic Cloud           Conj/Pois/Air  #.......     100%        3    ####...
 Static Discharge         Conj/Air       #.......     100%        3    ####...
 Airstrike                Air            #.........   100%        4    #####..
 Petrify                  Tmut/Erth      #.......     100%        4    #####..
 Bolt of Magma            Conj/Fire/Erth #.........   100%        5    ######.
 Iskenderun's Battlesphe  Conj/Chrm      #.......     100%        5    ######.
 Lightning Bolt           Conj/Air       #.........   100%        5    ######.
 Metabolic Englaciation   Hex/Ice        #.........   100%        5    ######.
 Venom Bolt               Conj/Pois      #.........   100%        5    ######.
 Yara's Violent Unravell  Hex/Tmut       #.........   100%        5    ######.
 Iron Shot                Conj/Erth      #.........   100%        6    #######
 Orb of Destruction       Conj           #.........   100%        7    #######
 Spellforged Servitor     Conj/Summ      #.........   100%        7    #######


Dungeon Overview and Level Annotations

Branches:
Dungeon (8/15)             Temple (1/1) D:7            Lair (3/6) D:8
  Swamp: Lair:2-4    Shoals: Lair:2-4     Snake: Lair:2-4    Spider: Lair:2-4

Altars:
Cheibriados
Dithmenos
Elyvilon
Fedhas
Gozag
Hepliaklqana
Kikubaaqudgha
Makhleb
Nemelex Xobeh
Okawaru
Qazlal
Ru
Sif Muna
Trog
Uskayaw
Vehumet
Wu Jian
Xom
Yredelemnul
Zin
The Shining One

Shops:
D:5 (   D:7 [([(


Innate Abilities, Weirdness & Mutations

You are resistant to damage.
You can heal yourself by infusing magical energy.
You passively map the area around you.
You do not regenerate.


Message History

The death yak barely misses you.
You hit the death yak.
The death yak looks as sick as possible!
The death yak is moderately wounded.
You block the death yak's attack.
You slash the death yak!
The death yak looks as sick as possible!
The death yak is heavily wounded.
The death yak gores you.
You hit the death yak but do no damage.
The death yak looks as sick as possible!
The death yak is heavily wounded.
You block the death yak's attack. You block the death yak's attack.
Found a potion of might.
The death yak completely misses you. The death yak gores you!!
* * * LOW HITPOINT WARNING * * *
The death yak gores you!
You die...

,,* * , * #............. ,
,
,#.*.#...P...#.......##..P
... .................#...
,...##...........P......#.
...P.#P..............b...
, ,,,
.........................
,
,.....!...................
, ,
.........................
,
........@......>.........
,
........Y................
.............#...........
,
.........................
,,
.........................
.........≈...............
........≈≈≈.<.≈..........
,
.......≈≈≈≈≈.≈≈......PP..
,
.......≈≈≈≈≈≈≈≈≈.........


You could see a death yak.

Vanquished Creatures
  A death yak (Lair:3)
  Pikel (D:5)
  A spiny frog (Lair:3)
  A komodo dragon (Lair:1)
  A hippogriff (D:7)
  A wraith (D:8)
  3 yaks (Lair:1)
  A hungry ghost (D:8)
  Grum (D:8)
  Edmund (D:5)
  2 ice beasts
  An orc warrior (D:8)
  Duvessa (D:6)
  A sky beast (D:8)
  4 ogres
  3 wolves (Lair:2)
  3 crocodiles
  Dowan (D:6)
  2 scorpions (D:8)
  3 howler monkeys (D:8)
  A crimson imp (D:7)
  6 hounds
  A bullfrog skeleton (D:7)
  An iguana (D:8)
  3 worker ants
  3 orc wizards
  A worker ant zombie (D:7)
  A howler monkey skeleton (D:7)
  13 gnolls
  6 adders
  A shadow imp (D:6)
  A dart slug (D:1)
  3 leopard geckos
  23 orcs
  3 bats
  3 giant cockroaches
  4 goblins
  4 hobgoblins
  12 jackals
  A ball python (D:3)
  2 frilled lizards
  7 kobolds
  A leopard gecko skeleton (D:4)
  4 rats
138 creatures vanquished.

Vanquished Creatures (others)
  A hound skeleton (D:5)
  A fungus (Lair:3)
2 creatures vanquished.

Grand Total: 140 creatures vanquished

Notes
Turn   | Place    | Note
-------+----------+-------------------------------------------
     0 | D:1      | Illumine the Deep Dwarf Fighter began the quest for the
                  | Orb.
     0 | D:1      | Reached XP level 1. HP: 20/20 MP: 1/1
    79 | D:1      | Reached XP level 2. HP: 25/27 MP: 2/2
   328 | D:2      | Reached skill level 3 in Axes
   328 | D:2      | Reached XP level 3. HP: 26/33 MP: 3/3
   394 | D:4      | Found a shadowy altar of Dithmenos.
   443 | D:4      | Noticed an ogre
   448 | D:4      | Killed an ogre
   448 | D:4      | Reached skill level 4 in Axes
   448 | D:4      | Reached XP level 4. HP: 18/40 MP: 3/3
   711 | D:4      | Found a sacrificial altar of Ru.
   740 | D:4      | Reached XP level 5. HP: 44/48 MP: 4/4
   787 | D:4      | Reached skill level 5 in Axes
  1417 | D:5      | Entered Level 5 of the Dungeon
  1518 | D:5      | Reached XP level 6. HP: 29/55 MP: 5/5
  1551 | D:5      | Reached skill level 5 in Shields
  1779 | D:5      | Found an iron altar of Okawaru.
  1852 | D:5      | Reached skill level 6 in Axes
  2103 | D:5      | Noticed Edmund
  2119 | D:5      | Killed Edmund
  2119 | D:5      | Reached skill level 7 in Axes
  2119 | D:5      | Reached XP level 7. HP: 44/61 MP: 4/4
  2155 | D:5      | Noticed Pikel
  2184 | D:5      | Killed Pikel
  2184 | D:5      | Reached skill level 8 in Axes
  2184 | D:5      | Reached XP level 8. HP: 39/68 MP: 5/5
  2348 | D:5      | Found Ustruedet's Antique Weapon Boutique.
  2682 | D:6      | Noticed Duvessa
  2682 | D:6      | Noticed Dowan
  2692 | D:6      | Killed Duvessa
  2692 | D:6      | Reached skill level 9 in Axes
  2703 | D:6      | Killed Dowan
  3010 | D:7      | Found Wesk's Weapon Boutique.
  3069 | D:7      | Found a staircase to the Ecumenical Temple.
  3114 | D:7      | Found Tocykats's Antique Weapon Emporium.
  3140 | Temple   | Entered the Ecumenical Temple
  3217 | Temple   | Became a worshipper of Makhleb the Destroyer
  3255 | D:7      | Found Onteur's Antique Armour Shoppe.
  3324 | D:7      | Reached skill level 1 in Invocations
  3354 | D:7      | Found Xeixto Kaup's Armour Shoppe.
  3697 | D:7      | Reached skill level 1 in Dodging
  3718 | D:7      | Got a dazzling trident
  4031 | D:7      | Noticed a hippogriff
  4046 | D:7      | Killed a hippogriff
  4046 | D:7      | Gained mutation: You passively map the area around you.
                  | [Deep Dwarf growth]
  4046 | D:7      | Reached XP level 9. HP: 46/76 MP: 6/8
  4288 | D:8      | Found a stormy altar of Qazlal.
  4288 | D:8      | Noticed Grum
  4302 | D:8      | Reached skill level 10 in Axes
  4311 | D:8      | Reached * piety under Makhleb
  4316 | D:8      | Killed Grum
  4474 | D:8      | Reached skill level 5 in Invocations
  4529 | D:8      | Found a staircase to the Lair.
  4578 | Lair:1   | Entered Level 1 of the Lair of Beasts
  4602 | Lair:1   | Reached skill level 5 in Armour
  4616 | Lair:1   | Noticed a komodo dragon
  4632 | Lair:1   | Killed a komodo dragon
  4729 | Lair:2   | Reached XP level 10. HP: 62/87 MP: 8/8
  4780 | Lair:3   | Noticed a death yak
  4808 | Lair:3   | Killed a death yak
  4821 | Lair:3   | Noticed a spiny frog
  4831 | Lair:3   | Killed a spiny frog
  4856 | Lair:3   | Noticed a death yak
  4857 | Lair:3   | Noticed a death yak
  4857 | Lair:3   | Noticed a death yak
  4862 | Lair:3   | Noticed a death yak
  4887 | Lair:2   | Slain by a death yak

Skill      XL: |  1  2  3  4  5  6  7  8  9 10 |
---------------+-------------------------------+-----
Axes           | 3 4 5 7 8 9 10 | 10.6
Shields        | 4 5 6 7 8 |  8.7
Fighting       | 3 4 |  4.6
Invocations    | 2 6 7 |  7.4
Dodging        | 1 3 4 |  4.1
Armour         | 4 5 |  5.7

Action                   |  1- 3 |  4- 6 |  7- 9 | 10-12 || total
-------------------------+-------+-------+-------+-------++-------
Melee: War axe           |   113 |   156 |   324 |    39 ||   632
 Abil: Heal Wounds       |     1 |     5 |    10 |     5 ||    21
  Use: Potion            |       |     1 |       |       ||     1
  Eat: Chunk             |       |     4 |     5 |       ||     9
       Ration            |       |       |     3 |       ||     3
Armor: Scale mail        |     7 |       |       |       ||     7
       Chain mail        |    92 |    66 |   139 |     9 ||   306
Dodge: Dodged            |    25 |    26 |   108 |    11 ||   170
Block: Shield            |    54 |    91 |   224 |    16 ||   385
